 Dungeon Crawl Stone Soup version 0.29-a0-322-g68df515428 (webtiles) character file.

Game seed: 9622202572719490076

58490 quinnr the Stormcaller (level 14, -6/86 HPs)
             Began as a Tengu Air Elementalist on Apr 6, 2022.
             Was a High Priest of Vehumet.
             Mangled by a dire elephant (30 damage)
             ... on level 6 of the Lair of Beasts.
             The game lasted 00:51:23 (26557 turns).

quinnr the Stormcaller (Tengu Air Elementalist)    Turns: 26557, Time: 00:51:23

Health: -6/86      AC: 12    Str:  9    XL:     14   Next: 90%
Magic:  16/24      EV: 27    Int: 20    God:    Vehumet [*****.]
Gold:   1144       SH:  0    Dex: 15    Spells: 10/25 levels left

rFire   . . .      SeeInvis .   G - staff of conjuration
rCold   + . .      Faith    .   (no shield)
rNeg    . . .      Spirit   .   q - +0 steam dragon scales
rPois   .          Reflect  .   Y - +2 hat
rElec   .          Harm     .   v - +2 cloak
rCorr   .          Rampage  .   O - +1 pair of gloves
Will    +....                   (boots unavailable)
Stlth   +++.......              m - amulet of magic regeneration
HPRegen 0.00/turn               r - +4 ring of evasion
MPRegen 0.59/turn               k - ring of protection from cold

@: flying quickly and evasively, inhibited regen, quick
A: beak, talons 3, nimble flight, inhibited regeneration
a: Renounce Religion


You were on level 6 of the Lair of Beasts.
You worshipped Vehumet.
Vehumet was extremely pleased with you.
You visited 3 branches of the dungeon, and saw 17 of its levels.
You also visited: Ossuary and Bailey.

You collected 1192 gold pieces.
You donated 48 gold pieces to Zin.

Inventory:

Hand Weapons
 W - a +2 demon whip of freezing
Missiles
 E - 2 throwing nets
 N - 10 poisoned darts
Armour
 q - +0 steam dragon scales (worn)
 v - a +2 cloak (worn)
 O - a +1 pair of gloves (worn)
 Y - a +2 hat (worn)
Magical Staves
 d - a staff of fire
 G - a staff of conjuration (weapon)
Jewellery
 a - a ring of willpower
 i - the amulet "Koaf Veos" {*Corrode rPois rN++ Will+ Regen+}
   (You found it on level 6 of the Lair of Beasts)

   [amulet of regeneration]

   rPois:     It protects you from poison.
   rN:        It greatly protects you from negative energy.
   Regen:     It increases your rate of health regeneration.
   *Corrode:  It may corrode you when you take damage.
   Will:      It increases your willpower.
 k - a ring of protection from cold (right hand)
 m - an amulet of magic regeneration (around neck)
 r - a +4 ring of evasion (left hand)
 C - a ring of ice
 D - a ring of magical power
 X - a ring of positive energy
Wands
 o - a wand of acid (6)
 B - a wand of flame (31)
 I - a wand of charming (20)
 J - a wand of mindburst (14)
 R - a wand of paralysis (11)
 T - a wand of iceblast (5)
Scrolls
 c - a scroll of magic mapping
 e - 7 scrolls of teleportation
 f - 4 scrolls of amnesia {unknown}
 n - 7 scrolls of fear {unknown}
 p - 7 scrolls of fog
 u - 2 scrolls of summoning {unknown}
 w - a scroll of acquirement {unknown}
 x - 2 scrolls of vulnerability {unknown}
 y - a scroll of enchant armour
 L - a scroll of torment
 M - 2 scrolls of noise
 P - 2 scrolls of enchant weapon
 Q - a scroll of immolation
Potions
 b - 2 potions of magic
 g - 2 potions of flight {unknown}
 h - a potion of invisibility
 j - a potion of degeneration {unknown}
 l - 4 potions of heal wounds
 s - 3 potions of cancellation
 t - 7 potions of attraction
 z - 4 potions of lignification
 A - 5 potions of mutation
 F - 3 potions of resistance
 H - 3 potions of might
 K - 4 potions of brilliance
 S - a potion of berserk rage
 U - 2 potions of curing
 V - a potion of ambrosia


   Skills:
 - Level 9.0 Fighting
 + Level 13.3 Dodging
 - Level 4.0 Stealth
 - Level 0.3 Unarmed Combat
 - Level 6.0 Spellcasting
 - Level 6.0 Conjurations
 - Level 5.0 Ice Magic
 + Level 20.3 Air Magic
 - Level 2.0 Poison Magic
 - Level 4.0 Invocations
 - Level 9.0 Evocations


You had 10 spell levels left.
You knew the following spells:

 Your Spells              Type           Power      Damage    Failure   Level
a - Shock                 Conj/Air       100%       1d9       1%          1
b - Static Discharge      Conj/Air       73%        N/A       1%          2
c - Airstrike             Air            36%        N/A       1%          4
d - Freezing Cloud        Conj/Ice/Air   32%        6-21      1%          5
e - Mephitic Cloud        Conj/Pois/Air  60%        N/A       1%          3

Your spell library contained the following spells:

 Spells                   Type           Power      Damage    Failure   Level
 Ozocubu's Refrigeration  Ice            13%        4d7       93%         7
 Swiftness                Air            72%        N/A       0%          3
 Ignite Poison            Fire/Tmut/Pois 8%         N/A       7%          3
 Blink                    Tloc           12%        N/A       16%         2
 Sublimation of Blood     Necr           6%         N/A       16%         2
 Wereblood                Tmut           6%         N/A       16%         2
 Call Canine Familiar     Summ           6%         N/A       30%         3
 Lesser Beckoning         Tloc           6%         N/A       30%         3
 Portal Projectile        Hex/Tloc       12%        N/A       30%         3
 Animate Armour           Summ/Erth      12%        N/A       71%         4
 Leda's Liquefaction      Hex/Erth       3%         N/A       71%         4
 Iron Shot                Conj/Erth      13%        9d3       71%         6
 Blade Hands              Tmut           3%         N/A       96%         5
 Manifold Assault         Tloc           6%         N/A       96%         5
 Summon Hydra             Summ           3%         N/A       100%        7


Dungeon Overview and Level Annotations

Branches:
Dungeon (10/15)            Temple (1/1) D:7            Lair (6/6) D:8
 Shoals (0/4) Lair:4        Snake (0/4) Lair:3        Slime (0/5) Lair:6
Ossuary (visited)          Bailey (visited)
    Orc: D:9-12

Altars:
Ashenzari
Cheibriados
Dithmenos
Elyvilon
Fedhas
Gozag
Hepliaklqana
Kikubaaqudgha
Makhleb
Nemelex Xobeh
Okawaru
Qazlal
Ru
Sif Muna
Trog
Uskayaw
Vehumet
Wu Jian
Xom
Yredelemnul
Zin
The Shining One
Jiyva

Annotations:
D:4 2 runed translucent doors, SirDiesAlot's ghost, amateur DEEE
D:7 2 runed translucent doors, sizableburger's ghost, novice DEFi
D:9 2 runed translucent doors, ParaBellum's ghost, novice MiBe
D:10 3 runed translucent doors, AlmostDecent's ghost, journeyman GnEE
Lair:2 2 transporters, Icykiwko's ghost, journeyman DrCj


Innate Abilities, Weirdness & Mutations

You have a beak for a mouth.
You have claws for feet.
Your magical nature lets you fly swiftly and evasively.
You do not regenerate when monsters are visible.


Message History

* * * LOW HITPOINT WARNING * * *
Casting: Static Discharge (safe; 1% risk of failure)
Confirm with . or Enter, or press ? or * to list all spells.
You don't know that spell.
Unknown command.
The dire elephant is engulfed in freezing vapours.
The dire elephant closely misses you. The dire elephant barely misses you.
The dire elephant is engulfed in freezing vapours.
The dire elephant is engulfed in freezing vapours.
There is a large open door here.
The dire elephant tramples you but does no damage.
The dire elephant misses you.
There is a large open door here.
Casting: Static Discharge (safe; 1% risk of failure)
Confirm with . or Enter, or press ? or * to list all spells.
Aiming: Freezing Cloud (dangerous; 1% risk of failure)
Press: ? - help, Dir - move target, p - dire elephant You feel a surge of power!
The dire elephant is engulfed in freezing vapours. x3
The dire elephant is engulfed in freezing vapours. x2
Casting: Freezing Cloud (dangerous; 1% risk of failure)
Confirm with . or Enter, or press ? or * to list all spells.
Aiming: Mephitic Cloud (safe; 1% risk of failure)
Press: ? - help, Shift-Dir - straight line, f - dire elephant
Aim: a dire elephant (severely wounded, chance to affect: 29%)
You feel a surge of power!
The ball explodes into a vile cloud!
The stinking cloud engulfs the dire elephant but does no damage.
The dire elephant is severely wounded.
The stinking cloud engulfs the dire elephant but does no damage.
The dire elephant is almost dead.
You hear a trumpeting!
The dire elephant is engulfed in noxious fumes. x2
Unknown command.
Unknown command.
You hit the dire elephant but do no damage.
You peck the dire elephant, but do no damage.
The dire elephant is severely wounded.
The dire elephant is engulfed in noxious fumes.
The dire elephant tramples you!!
You die...

.8.....##
#...##..#..Y..#
...[8.#.#
##..##.##..####
.8......# ##.P###.#...#
........# #..♣#..P#8.8#
.[88.8..# #..##Y####'##
........# #..#.§# ..#
.8......## #..#Y## ≈≈..
...88....# #..#Y# ≈≈≈)≈#
.8.......# ##.#@#.≈≈≈≈≈#
........## #..#.##.≈≈≈##
.........# #..#.####''#
........## ##..#.8##8..8
..#.....####...'..8#Y.Y.
....#..........'.⌠.#....
........##..#..'.P8#.$$.
.........####..#.8##8?)8
........## ##.#.#######


You could see 3 dire elephants.

Vanquished Creatures
  A boulder beetle (Lair:6)
  A vault guard (Bailey)
  10 hydras
  An ice dragon (Lair:6)
  2 two-headed ogres
  7 death yaks
  A spectral death yak (Lair:6)
  Amaemon (Lair:1)
  A spectral anaconda (Lair:6)
  An obsidian statue (Lair:6)
  4 necromancers (Lair:6)
  A cyclops (D:8)
  A merfolk siren (Lair:4)
  24 elephants
  6 black mambas
  A gargoyle (D:10)
  13 cane toads
  An orange demon (Lair:1)
  4 komodo dragons
  A rime drake (Lair:2)
  Grinder (D:6)
  A hornet (D:8)
  3 polar bears
  3 trolls
  Prince Ribbit (D:6)
  23 blink frogs
  11 dream sheep
  42 yaks
  2 wyverns
  Eustachio (D:5)
  A wraith (D:10)
  7 humans (Bailey)
  8 basilisks
  A steam dragon (D:7)
  Edmund (D:5)
  2 nagas (Lair:3)
  16 water moccasins
  4 orc warriors
  A sky beast (D:7)
  An ogre (D:6)
  5 black bears
  An elephant zombie (Lair:6)
  An elephant skeleton (Lair:6)
  5 centaurs
  2 phantoms
  4 kobold brigands
  27 bullfrogs
  8 scorpions
  A gnoll sergeant (D:9)
  7 wights (D:9)
  An elephant simulacrum (Lair:6)
  15 killer bees
  A gnoll shaman (D:5)
  A jelly (D:6)
  7 orc priests
  3 centaur zombies (Ossuary)
  A hound (D:4)
  6 orc wizards
  An iguana (D:6)
  5 mummies (Ossuary)
  10 gnolls
  9 adders
  2 shadow imps
  3 white imps
  2 ufetubi (D:6)
  27 orcs
  3 endoplasms
  2 giant cockroaches
  5 goblins
  8 hobgoblins
  3 jackals (D:4)
  21 kobolds
  4 quokkas
  11 ball pythons
  12 bats
  2 frilled lizards (D:3)
  3 hobgoblin zombies (Ossuary)
  2 rats
  A bush (Lair:6)
444 creatures vanquished.

Vanquished Creatures (others)
  A polar bear (Lair:6)
  An orc wizard (D:7)
  4 bushes (Lair:6)
  101 fungi
  135 plants
  34 withered plants (Lair:6)
276 creatures vanquished.

Grand Total: 720 creatures vanquished

Notes
Turn   | Place    | Note
-------+----------+-------------------------------------------
     0 | D:1      | quinnr the Tengu Air Elementalist began the quest for the
                  | Orb.
     0 | D:1      | Reached XP level 1. HP: 10/10 MP: 4/4
   126 | D:1      | Found a faded altar of an unknown god.
   247 | D:1      | Prayed at the altar of an unknown god.
   247 | D:1      | Became a worshipper of Zin the Law-Giver
   247 | D:1      | Reached * piety under Zin
   290 | D:1      | Reached XP level 2. HP: 15/15 MP: 4/6
   644 | D:1      | Reached ** piety under Zin
   764 | D:1      | Reached skill level 5 in Air Magic
  1055 | D:2      | Reached XP level 3. HP: 19/19 MP: 2/7
  1312 | D:2      | Reached skill level 6 in Air Magic
  1602 | D:2      | Reached XP level 4. HP: 24/24 MP: 5/8
  2327 | D:3      | Reached skill level 7 in Air Magic
  2327 | D:3      | Gained mutation: Your magical nature lets you fly swiftly
                  | and evasively. [Tengu growth]
  2327 | D:3      | Reached XP level 5. HP: 28/28 MP: 6/9
  2431 | D:3      | Learned a level 2 spell: Static Discharge
  2436 | D:3      | Learned a level 4 spell: Airstrike
  2962 | D:4      | Reached skill level 8 in Air Magic
  3072 | D:4      | Found a large runed translucent door.
  3077 | D:4      | Found a large runed translucent door.
  3121 | D:4      | Reached *** piety under Zin
  3389 | D:4      | Reached XP level 6. HP: 32/32 MP: 8/10
  3969 | D:4      | Noticed SirDiesAlot's ghost (amateur DEEE)
  4003 | D:5      | Entered Level 5 of the Dungeon
  4052 | D:5      | Reached skill level 9 in Air Magic
  4236 | D:5      | Noticed Eustachio
  4251 | D:5      | Killed Eustachio
  4252 | D:5      | Reached skill level 10 in Air Magic
  4252 | D:5      | Reached XP level 7. HP: 22/36 MP: 0/11
  5025 | D:5      | Reached skill level 11 in Air Magic
  5074 | D:5      | Noticed Edmund
  5093 | D:5      | Killed Edmund
  5763 | D:6      | Reached skill level 12 in Air Magic
  5763 | D:6      | Reached XP level 8. HP: 24/41 MP: 9/12
  6015 | D:6      | Reached skill level 1 in Fighting
  6238 | D:6      | Reached **** piety under Zin
  6580 | D:6      | Noticed Prince Ribbit
  6632 | D:6      | Killed Prince Ribbit
  6716 | D:6      | Noticed Grinder
  6726 | D:6      | Killed Grinder
  6727 | D:6      | Reached XP level 9. HP: 51/51 MP: 0/15
  7237 | D:7      | Found a stormy altar of Qazlal.
  7248 | D:7      | Found a staircase to the Ecumenical Temple.
  7297 | D:7      | Reached skill level 5 in Dodging
  7520 | D:7      | Found a sand-covered staircase.
  7527 | Ossuary  | Entered an ossuary
  7809 | D:7      | Reached skill level 5 in Spellcasting
  7980 | D:7      | Found a large runed translucent door.
  7980 | D:7      | Found a large runed translucent door.
  7982 | D:7      | Noticed sizableburger's ghost (novice DEFi)
  8094 | D:7      | Reached skill level 5 in Fighting
  8240 | D:7      | Reached ***** piety under Zin
  8388 | D:7      | Reached skill level 1 in Invocations
  8388 | D:7      | Reached skill level 1 in Evocations
  8720 | D:8      | Found a flagged portal.
  8738 | D:8      | Reached XP level 10. HP: 19/59 MP: 12/18
  8739 | D:8      | HP: 4/59 [/static electricity (2)]
  8744 | Bailey   | Entered a bailey
  9023 | Bailey   | Was placed under penance by Zin
  9029 | Bailey   | Reached skill level 13 in Air Magic
  9029 | Bailey   | HP: 8/88 [/static electricity (3)]
  9031 | Bailey   | HP: 1/88 [/static electricity (3)]
  9042 | Bailey   | HP: 6/88 [/static electricity (3)]
  9344 | Bailey   | quinnr: ??zin
  9344 | Bailey   | beem: zin[1/3]: Zin gives mutation resistance (growing to
                  | immunity at max piety), {recite} (enchantment-type effects
                  | on enemies), {vitalisation} (protection from debuffs),
                  | {imprison} (tomb other), {sanctuary} (creates a temporary
                  | attack-free zone), and passive lifesaving. At ******
                  | potions of mutation just cure muts, and are permitted.
                  | Dislikes transmutations.
  9344 | Bailey   | quinnr: ??zin[3
  9344 | Bailey   | beem: zin[3/3]: roses are red / violets are blue / dying
                  | with zin / is hard to do
  9345 | Bailey   | quinnr: ??penance
  9345 | Bailey   | beem: penance[1/3]: With every god (not just yours), you
                  | have a penance number, which can be increased for long-term
                  | punishment. For every 1% of an XL you gain, there's a 10%
                  | chance of any particular god angry at you attempting divine
                  | retribution in the next 200 aut (on average); you then lose
                  | 1d3 points of penance for that god.
 10078 | Bailey   | Noticed a vault guard
 10085 | Bailey   | Killed a vault guard
 10086 | Bailey   | Reached skill level 14 in Air Magic
 10125 | Bailey   | Noticed a vault guard
 10450 | D:8      | Identified the +5 hand axe of Integrity {pain, rPois Will-
                  | Str+4}
 10474 | D:7      | quinnr: ??penance[2
 10474 | D:7      | beem: penance[2/3]: There is a chance that divine
                  | retribution will confuse or slow you in addition to the
                  | normal effects, which can be found in ?? wrath.
 10474 | D:7      | quinnr: ??penance[3
 10474 | D:7      | beem: penance[3/3]: Penance also denies the use of most
                  | (active or passive) abilities.
 10474 | D:7      | quinnr: ??zin
 10474 | D:7      | beem: zin[1/3]: Zin gives mutation resistance (growing to
                  | immunity at max piety), {recite} (enchantment-type effects
                  | on enemies), {vitalisation} (protection from debuffs),
                  | {imprison} (tomb other), {sanctuary} (creates a temporary
                  | attack-free zone), and passive lifesaving. At ******
                  | potions of mutation just cure muts, and are permitted.
                  | Dislikes transmutations.
 10474 | D:7      | quinnr: ??zin[2
 10474 | D:7      | beem: zin[2/3]: Gives half piety for gold collected in the
                  | Orcish Mines.
 10474 | D:7      | quinnr: ??zin[3
 10474 | D:7      | beem: zin[3/3]: roses are red / violets are blue / dying
                  | with zin / is hard to do
 10522 | Temple   | Entered the Ecumenical Temple
 10661 | Temple   | Fell from the grace of Zin
 10661 | Temple   | Became a worshipper of Vehumet
 11010 | D:8      | Reached skill level 5 in Evocations
 11041 | D:8      | Reached XP level 11. HP: 49/64 MP: 7/19
 11817 | D:8      | Found a staircase to the Lair.
 12020 | D:8      | Reached * piety under Vehumet
 12020 | D:8      | Offered knowledge of Sandblast by Vehumet.
 12042 | D:8      | Noticed a cyclops
 12050 | D:8      | Killed a cyclops
 12930 | D:9      | Noticed a two-headed ogre
 12939 | D:9      | Killed a two-headed ogre
 13510 | D:9      | Found a large runed translucent door.
 13511 | D:9      | Found a large runed translucent door.
 13513 | D:9      | Noticed ParaBellum's ghost (novice MiBe)
 13624 | D:9      | Reached ** piety under Vehumet
 13625 | D:9      | Offered knowledge of Foxfire by Vehumet.
 14154 | D:10     | Entered Level 10 of the Dungeon
 14262 | D:10     | Noticed a two-headed ogre
 14281 | D:10     | Killed a two-headed ogre
 14282 | D:10     | Reached skill level 15 in Air Magic
 14442 | D:10     | Reached XP level 12. HP: 72/72 MP: 22/22
 14759 | D:10     | Found a runed translucent gate.
 14759 | D:10     | Found a runed translucent gate.
 14759 | D:10     | Found a runed translucent gate.
 14761 | D:10     | Noticed a nine-headed hydra
 14762 | D:10     | Noticed AlmostDecent's ghost (journeyman GnEE)
 14764 | D:10     | Noticed a 12-headed hydra
 14965 | Lair:1   | Entered Level 1 of the Lair of Beasts
 15052 | Lair:1   | Reached skill level 16 in Air Magic
 15816 | Lair:1   | Offered knowledge of Stone Arrow by Vehumet.
 16036 | Lair:1   | Noticed Amaemon
 16044 | Lair:1   | Killed Amaemon
 16200 | Lair:1   | Reached skill level 17 in Air Magic
 16213 | Lair:1   | Reached *** piety under Vehumet
 16663 | Lair:2   | Noticed a six-headed hydra
 16694 | Lair:2   | Killed a six-headed hydra
 17250 | Lair:2   | Found a transporter.
 17253 | Lair:2   | Found a transporter.
 17310 | Lair:2   | Noticed Icykiwko's ghost (journeyman DrCj)
 18204 | Lair:2   | Reached skill level 18 in Air Magic
 18312 | Lair:3   | Noticed an eight-headed hydra
 18316 | Lair:3   | Killed an eight-headed hydra
 18489 | Lair:3   | Reached XP level 13. HP: 76/76 MP: 18/23
 18590 | Lair:3   | Found a staircase to the Snake Pit.
 18935 | Lair:3   | Reached skill level 19 in Air Magic
 19407 | Lair:4   | Offered knowledge of Frozen Ramparts by Vehumet.
 19612 | Lair:4   | Learned a level 5 spell: Freezing Cloud
 19616 | Lair:4   | Learned a level 3 spell: Mephitic Cloud
 20102 | Lair:4   | Reached skill level 1 in Ice Magic
 20603 | Lair:4   | Found a staircase to the Shoals.
 20985 | Lair:5   | Reached skill level 5 in Conjurations
 21274 | Lair:5   | Reached **** piety under Vehumet
 21398 | Lair:4   | Offered knowledge of Fulminant Prism by Vehumet.
 21402 | Lair:4   | Reached skill level 20 in Air Magic
 22006 | Lair:5   | Reached skill level 5 in Ice Magic
 22008 | Lair:5   | Reached skill level 1 in Poison Magic
 22740 | Lair:6   | Entered Level 6 of the Lair of Beasts
 22969 | Lair:6   | Reached XP level 14. HP: 54/82 MP: 24/24
 23035 | Lair:6   | HP: 5/78 [necromancer/bolt of negative energy (34)]
 23419 | Lair:6   | Reached skill level 10 in Dodging
 23717 | Lair:6   | Noticed a dire elephant
 23718 | Lair:6   | Noticed a dire elephant
 23718 | Lair:6   | Noticed a dire elephant
 23719 | Lair:6   | Noticed a dire elephant
 23720 | Lair:6   | Found the +6 Majin-Bo {vamp, MP+6 Int+6}
 24055 | Lair:6   | Found a viscous altar of Jiyva.
 24055 | Lair:6   | Found a staircase to the Slime Pits.
 24211 | Lair:6   | HP: 8/86 [poisoned by a cane toad]
 24216 | Lair:6   | HP: 4/86 [poisoned by a cane toad]
 24788 | Lair:6   | Reached ***** piety under Vehumet
 24829 | Lair:6   | Offered knowledge of Ozocubu's Refrigeration by Vehumet.
 25048 | Lair:6   | HP: 6/86 [ice dragon/blast of cold (18)]
 26309 | Lair:6   | Gained mutation: You do not regenerate when monsters are
                  | visible. [a neqoxec]
 26352 | Lair:6   | Identified the amulet "Koaf Veos" {*Corrode rPois rN++
                  | Will+ Regen+}
 26557 | Lair:6   | Mangled by a dire elephant

Illustrated notes

Levels and vault maps discovered:
D:1:      minmay_arrival_radiant_lines, layout_basic, basic_ecumenical_altar
D:2:      layout_loops_cross, minmay_snake_closets
D:3:      layout_basic, hangedman_decor_slide_cut, chequers_serial_rivers_room_b
D:4:      layout_basic, ebering_ghost_disaster_area
D:5:      layout_basic, minmay_hedge_maze, uniq_eustachio, uniq_edmund
D:6:      layout_gridville, uniq_prince_ribbit1, uniq_grinder
D:7:      layout_loops_ring, mainiacjoe_overflow_small_starburst,
          minmay_temple_entry_wispy, ebering_ghost_disaster_area,
          nicolae_ossuary_entry_ruins
D:8:      old_forge, layout_basic, due_lair_maze_entry_diamond,
          serial_corexii_hall, corexii_hall_statues_x, chequers_hall_statues_y,
          chequers_hall_statues_wall_a, enter_bailey_2, lemuel_flame_loot_1
D:9:      layout_loops_ring, ebering_ghost_disaster_area, grunt_ministairs_2
D:10:     layout_big_octagon, gammafunk_ghost_hydra_chop
Temple:   kilobyte_greek_temple
Lair:1:   layout_cave_pods, grunt_megastairs_1, serial_bayou_shore_b,
          infiniplex_staircase_pool, uniq_amaemon
Lair:2:   layout_roguey, gammafunk_ghost_hive
Lair:3:   layout_regular_city, guppyfry_snake_entry_garden, grunt_megastairs_5
Lair:4:   layout_cave_pods, elwin_shoals_entry_rooms
Lair:5:   layout_cave_pods
Lair:6:   due_jungle_book, layout_misc_corridors, slime_altar_1,
          portal_ice_cave_entry_animals_and_master, kennysheep_basilisk_garden

Skill      XL: |  1  2  3  4  5  6  7  8  9 10 11 12 13 14 |
---------------+-------------------------------------------+-----
Air Magic      | 5 6 7 8 10 12 14 15 18 20 | 20.3
Fighting       | 3 5 7 9 |  9.0
Dodging        | 4 6 9 13 | 13.3
Stealth        | 4 |  4.0
Spellcasting   | 3 5 6 |  6.0
Invocations    | 2 4 |  4.0
Evocations     | 2 5 6 9 |  9.0
Conjurations   | 6 |  6.0
Ice Magic      | 5 |  5.0
Poison Magic   | 2 |  2.0
Unarmed Combat | |  0.3

Action                   |  1- 3 |  4- 6 |  7- 9 | 10-12 | 13-15 || total
-------------------------+-------+-------+-------+-------+-------++-------
Melee: Staff             |     1 |     5 |     7 |     8 |    14 ||    35
       Peck              |     1 |     1 |     1 |     1 |     6 ||    10
       Kick              |       |       |     1 |     3 |     9 ||    13
       Punch             |       |       |     1 |       |       ||     1
 Cast: Shock             |    54 |    85 |   240 |   397 |   329 ||  1105
       Static Discharge  |       |     3 |     6 |    66 |    83 ||   158
       Airstrike         |       |     2 |    33 |   137 |    98 ||   270
       Freezing Cloud    |       |       |       |       |    46 ||    46
       Mephitic Cloud    |       |       |       |       |     3 ||     3
Invok: Recite            |     2 |       |       |       |       ||     2
Evoke: Wand              |       |       |       |     5 |     2 ||     7
  Use: Scroll            |       |       |    14 |     5 |     7 ||    26
       Potion            |       |       |       |     6 |     2 ||     8
Armor: Robe              |     5 |     4 |    16 |    37 |       ||    62
       Skin              |       |       |       |    16 |       ||    16
       Steam dragon scal |       |       |       |     1 |    42 ||    43
Dodge: Dodged            |     9 |    26 |    96 |   272 |   232 ||   635

Table legend: (Time is in decaauts)
 A = Elapsed time spent in this place.
 B = Non-inter-level travel time spent in this place.
 C = Inter-level travel time spent in this place.
 D = Time resting spent in this place.
 E = Time spent auto-exploring this place.
 F = Levels seen in this place.
 G = Mean time per level.
                   A        B        C        D        E       F      G
               +--------+--------+--------+--------+--------+-----+--------+
         Total |  25435 |  24597 |    838 |   5607 |  15631 |  19 | 1338.7 |
       Dungeon |  12419 |  11926 |    493 |   1303 |   8995 |  10 | 1241.9 |
        Temple |    239 |    195 |     44 |      0 |    186 |   1 |  239.0 |
          Lair |  10911 |  10611 |    300 |   2988 |   6108 |   6 | 1818.5 |
       Ossuary |    177 |    177 |      0 |      0 |    112 |   1 |  177.0 |
        Bailey |   1687 |   1687 |      0 |   1316 |    227 |   1 | 1687.0 |
               +--------+--------+--------+--------+--------+-----+--------+

Top non-repeatable levels by time:
  Lair:6: 3215 daAuts
     D:8: 2259 daAuts
  Lair:4: 2126 daAuts
  Lair:5: 1732 daAuts
  Lair:1: 1690 daAuts
  Bailey: 1687 daAuts
     D:6: 1482 daAuts
     D:5: 1422 daAuts
     D:9: 1384 daAuts
     D:7: 1239 daAuts
     D:2: 1169 daAuts
  Lair:2: 1102 daAuts
     D:4: 1099 daAuts
  Lair:3: 1043 daAuts
     D:1: 943 daAuts
